 Dungeon Crawl Stone Soup version 0.31.0-32-g396128a36d (webtiles) character file.

Game seed: 9858365430406568091

16513 Curundu the Severer (level 12, 0/108 HPs)
             Began as a Minotaur Berserker on Mar 30, 2024.
             Was a High Priest of Trog.
             Slain by a white ugly thing (13 damage)
             ... on level 11 of the Dungeon.
             The game lasted 00:29:47 (8461 turns).

Curundu the Severer (Minotaur Berserker)            Turns: 8461, Time: 00:29:48

Health: 0/108      AC: 24    Str: 27    XL:     12   Next: 10%
Magic:  11/11      EV: 14    Int:  4    God:    Trog [*****.]
Gold:   479        SH:  5    Dex: 10    Spells: 11/11 levels left

rFire   . . .        F - +0 war axe (venom)
rCold   . . .        b - +0 buckler
rNeg    . . .        D - +0 plate armour
rPois   +            (helmet restricted)
rElec   .            w - +1 cloak
rCorr   .            y - +0 pair of gloves "Woggaroe" {Stlth+}
SInv    .            k - +4 pair of boots "Buadinou" {rPois Regen+ Stlth+}
Will    .....        i - amulet of the acrobat Stlth
                     f - +5 ring of evasion
HPRegen 1.18/turn    (no ring)
MPRegen 0.12/turn

%: acrobat
@: on berserk cooldown, slowed, studying Dodging, very slow
A: horns 2, retaliatory headbutt
a: Renounce Religion, Berserk, Trog's Hand, Brothers in Arms


You were on level 11 of the Dungeon.
You worshipped Trog.
Trog was extremely pleased with you.
You visited 1 branch of the dungeon, and saw 11 of its levels.
You also visited: Sewer.

You collected 479 gold pieces.

Inventory:

Hand Weapons
 F - a +0 war axe of venom (weapon)
Missiles
 s - 5 boomerangs (quivered)
 B - 4 throwing nets
Armour
 b - a +0 buckler (worn)
 e - a +0 pair of gloves
 k - the +4 pair of boots "Buadinou" (worn) {rPois Regen+ Stlth+}
   (You found it on level 2 of the Dungeon)

   rPois:     It protects you from poison Regen+: It increases your rate of
   health regeneration.
   Stlth+:    It makes you more stealthy.
 w - a +1 cloak (worn)
 y - the +0 pair of gloves "Woggaroe" (worn) {Stlth+}
   (You found it on level 5 of the Dungeon)

   Stlth+:    It makes you more stealthy.
 D - a +0 plate armour (worn)
Jewellery
 a - an amulet of guardian spirit
 f - a +5 ring of evasion (left hand)
 i - an amulet of the acrobat (around neck)
 j - a ring of protection from cold
 u - an amulet of magic regeneration
 x - a +5 ring of evasion
Wands
 c - a wand of light (5)
 q - a wand of polymorph (3)
 C - a wand of charming (4)
Scrolls
 g - 2 scrolls of amnesia {unknown}
 h - 6 scrolls of fear
 l - a scroll of brand weapon
 n - a scroll of poison
 z - a scroll of noise
 A - 2 scrolls of teleportation
 H - a scroll of revelation
 J - a scroll of blinking {unknown}
 K - a scroll of enchant armour {unknown}
Potions
 d - a potion of haste
 m - 3 potions of might
 t - 4 potions of curing
 v - 3 potions of lignification
 E - 3 potions of mutation
 G - a potion of cancellation {unknown}
Miscellaneous
 L - a phantom mirror


   Skills:
 + Level 10.6 Fighting
 + Level 15.5 Axes
 + Level 10.5 Armour
 - Level 6.8 Dodging
 - Level 3.7 Stealth
 * Level 7.3 Shields


You had 11 spell levels left.
You didn't know any spells.
Your spell library was empty.

Dungeon Overview and Level Annotations

Branches:
Dungeon (11/15)            Temple (0/1) D:4            Lair (0/5) D:9
  Sewer (visited)
    Orc: D:9-12

Altars:
Ashenzari
Elyvilon
Hepliaklqana
Kikubaaqudgha
Sif Muna
Trog
Uskayaw
Xom

Shops:
D:6 *   D:7 *:*   D:10 (

Annotations:
D:7 exclusion: ice statue


Innate Abilities, Weirdness & Mutations

You have a pair of horns on your head.
You reflexively headbutt those who attack you in melee.


Message History

The laughing skull headbutts you but does no damage.
The white ugly thing stings you but does no damage.
The laughing skull headbutts you but does no damage.
The laughing skull cackles spitefully.
The bolt of negative energy hits you but does no damage.
You resist.
The white ugly thing stings you but does no damage.
The fire bat bites you but does no damage.
The laughing skull headbutts you. The white ugly thing stings you.
The white ugly thing freezes you!!
The laughing skull gibbers with scorn.
The bolt of negative energy hits you but does no damage.
You resist. The fire bat bites you.
You are engulfed in flames!
The deep elf pyromancer gestures wildly while chanting.
The deep elf pyromancer blinks!
The laughing skull headbutts you but does no damage.
The white ugly thing stings you. The white ugly thing freezes you!!
* * * LOW HITPOINT WARNING * * *
The fire bat completely misses you.
You turn to flesh and can move again.
You're still recovering from your berserk rage.
You closely miss the white ugly thing. You barely miss the laughing skull.
You miss the fire bat.
The fire bat bites you but does no damage.
The laughing skull headbutts you!
* * * LOW HITPOINT WARNING * * *
You block the white ugly thing's attack.
You block the laughing skull's attack.
You slash the white ugly thing!
The white ugly thing looks as sick as possible!
You headbutt the white ugly thing!
The white ugly thing is moderately wounded.
You closely miss the laughing skull.
The deep elf pyromancer gestures wildly while chanting.
The deep elf pyromancer blinks!
The laughing skull closely misses you. The fire bat barely misses you.
The white ugly thing stings you!
* * * LOW HITPOINT WARNING * * *
The white ugly thing freezes you!
You die...

#....#.....#..##.#
###.###############
#...## # #.#.e## #
#..#..# #
#..##.§#.# #
#..###.).# #
#..###u###
#..##@z..# #
#..#.#b..# #
#..#...##..$$ #
#####..#.#.. #$.$ #
#......##....


$$$$ # #####<.# ################# #..# .# #..#..#⌠...⌠# #..## #.##.....#..#..#
#...###.#.#.).#..###.. You could see a white ugly thing (extremely poisoned), a
deep elf pyromancer, a laughing skull and a fire bat shaped shifter.

Vanquished Creatures
  A hydra (D:11)
  8 two-headed ogres
  2 cyclopes (D:11)
  A manticore (D:11)
  A gargoyle (D:11)
  Maggie (D:10)
  A kobold demonologist (D:11)
  3 trolls (D:11)
  2 hornets
  3 shadows
  13 yaks
  2 vampires (D:11)
  A basilisk (D:11)
  3 steam dragons
  A vampire mosquito (D:11)
  4 water moccasins
  3 ice beasts
  2 orc warriors
  2 sky beasts (D:7)
  5 black bears
  3 boggarts
  An ogre (D:5)
  4 centaurs
  2 kobold brigands
  A gnoll sergeant (D:10)
  9 bullfrogs
  3 scorpions
  9 wights (D:8)
  4 killer bees
  A water moccasin skeleton (D:4)
  An electric eel (D:7)
  2 howler monkeys (D:10)
  2 bullfrog zombies (D:4)
  2 bombardier beetles
  2 hounds
  A gnoll bouda (D:8)
  2 orc priests
  3 jellies
  A sleepcap (D:5)
  Terence (D:2)
  2 iguanas
  Natasha (thrice) (D:4)
  9 orc wizards
  A hound skeleton (D:4)
  Robin (D:2)
  10 gnolls
  10 adders
  6 river rats (Sewer)
  2 white imps (D:8)
  2 adder zombies (D:4)
  2 dart slugs (D:1)
  3 ribbon worms
  20 orcs
  19 ball pythons
  9 endoplasms
  4 giant cockroaches
  12 hobgoblins
  5 quokkas
  7 bats
  3 frilled lizards
  17 goblins
  8 kobolds
  16 rats
284 creatures vanquished.

Notes
Turn   | Place    | Note
-------+----------+-------------------------------------------
     0 | D:1      | Curundu the Minotaur Berserker began the quest for the Orb.
     0 | D:1      | Reached XP level 1. HP: 19/19 MP: 0/0
   201 | D:1      | Reached skill level 4 in Axes
   201 | D:1      | Reached XP level 2. HP: 27/27 MP: 1/1
   392 | D:1      | Reached ** piety under Trog
   438 | D:1      | Reached XP level 3. HP: 33/33 MP: 2/2
   970 | D:2      | Noticed Terence
   983 | D:2      | Killed Terence
   999 | D:2      | Found a shimmering altar of Xom.
  1020 | D:2      | Noticed Robin
  1026 | D:2      | Reached XP level 4. HP: 35/41 MP: 3/3
  1035 | D:2      | Killed Robin
  1161 | D:2      | Identified the +4 pair of boots "Buadinou" {rPois Regen+
                  | Stlth+}
  1218 | D:2      | Reached skill level 5 in Axes
  1537 | D:3      | Found a glowing drain.
  1568 | D:3      | Reached *** piety under Trog
  1572 | Sewer    | Entered a sewer
  1644 | Sewer    | Reached skill level 5 in Fighting
  1644 | Sewer    | Reached XP level 5. HP: 42/48 MP: 4/4
  1721 | Sewer    | Reached skill level 6 in Axes
  1769 | Sewer    | Reached XP level 6. HP: 50/56 MP: 5/5
  1958 | D:3      | Reached **** piety under Trog
  2515 | D:4      | Reached skill level 1 in Stealth
  2649 | D:4      | Found a staircase to the Ecumenical Temple.
  2849 | D:4      | Reached skill level 7 in Axes
  2854 | D:4      | Identified the +2 falchion "Boshruas" {protect, rElec rN+++
                  | Str-3 Stlth-}
  2965 | D:4      | Noticed Natasha
  2978 | D:4      | Reached XP level 7. HP: 61/61 MP: 6/6
  2982 | D:4      | Killed Natasha
  2993 | D:4      | Identified the +5 dagger of the Jester {pain, Str+2}
  3030 | D:4      | Noticed Natasha
  3036 | D:4      | Killed Natasha
  3144 | D:4      | Noticed Natasha
  3150 | D:4      | Killed Natasha
  3189 | D:5      | Entered Level 5 of the Dungeon
  3475 | D:5      | Reached skill level 8 in Axes
  3527 | D:5      | Identified the +0 pair of gloves "Woggaroe" {Stlth+}
  3629 | D:5      | Reached XP level 8. HP: 70/70 MP: 7/7
  3873 | D:5      | Reached skill level 5 in Dodging
  4297 | D:6      | Reached skill level 9 in Axes
  4418 | D:6      | Found Nusemm's Assorted Antiques.
  5231 | D:7      | Noticed a two-headed ogre
  5245 | D:7      | Killed a two-headed ogre
  5246 | D:7      | Reached skill level 10 in Axes
  5246 | D:7      | Reached skill level 5 in Armour
  5246 | D:7      | Reached XP level 9. HP: 73/79 MP: 8/8
  5263 | D:7      | You fall into a shaft and drop 2 floors!
  5318 | D:10     | Entered Level 10 of the Dungeon
  5319 | D:10     | Reached ***** piety under Trog
  5327 | D:10     | Reached skill level 11 in Axes
  5388 | D:9      | Noticed a two-headed ogre
  5405 | D:9      | Killed a two-headed ogre
  5406 | D:9      | Reached XP level 10. HP: 88/88 MP: 9/9
  5415 | D:9      | Found a staircase to the Lair.
  5481 | D:9      | Noticed a two-headed ogre
  5489 | D:9      | Reached skill level 1 in Shields
  5501 | D:9      | Killed a two-headed ogre
  5502 | D:9      | Reached skill level 12 in Axes
  5509 | D:9      | Noticed a two-headed ogre
  5519 | D:9      | Killed a two-headed ogre
  5582 | D:8      | Found a white marble altar of Elyvilon.
  5892 | D:7      | Found Ebosch's General Store.
  5893 | D:7      | Found Culit's General Store.
  5893 | D:7      | Found Reidimia's Book Shop.
  5969 | D:7      | Noticed an ice statue
  6306 | D:7      | Found a hazy altar of Hepliaklqana.
  6342 | D:8      | Reached skill level 13 in Axes
  6486 | D:8      | Found an ancient bone altar of Kikubaaqudgha.
  6820 | D:8      | Noticed a two-headed ogre
  6825 | D:8      | Killed a two-headed ogre
  6826 | D:8      | Reached XP level 11. HP: 95/97 MP: 10/10
  7515 | D:10     | Found Gaamoxint's Weapon Shoppe.
  7577 | D:10     | Reached skill level 5 in Shields
  7601 | D:10     | Found a hide-covered altar of Uskayaw.
  7624 | D:10     | Found a bloodstained altar of Trog.
  7657 | D:10     | Noticed Maggie
  7679 | D:10     | Killed Maggie
  7683 | D:10     | Received a gift from Trog
  7748 | D:10     | Found a shimmering blue altar of Sif Muna.
  7808 | D:10     | Reached skill level 14 in Axes
  7907 | D:10     | Found a broken altar of Ashenzari.
  8116 | D:11     | Noticed a two-headed ogre
  8129 | D:11     | Killed a two-headed ogre
  8159 | D:11     | Noticed a two-headed ogre
  8167 | D:11     | Killed a two-headed ogre
  8182 | D:11     | Reached skill level 10 in Fighting
  8269 | D:11     | Reached skill level 10 in Armour
  8294 | D:11     | Reached skill level 15 in Axes
  8419 | D:11     | Noticed a two-headed ogre
  8425 | D:11     | Noticed a six-headed hydra
  8427 | D:11     | Killed a two-headed ogre
  8428 | D:11     | Reached XP level 12. HP: 97/107 MP: 11/11
  8434 | D:11     | Killed a 12-headed hydra
  8455 | D:11     | Identified the +10 quarterstaff of Hoeh {spect, Will++
                  | Str-4 Int+6}
  8461 | D:11     | Slain by a white ugly thing

Illustrated notes

Levels and vault maps discovered:
D:1:      lightli_arrival_isolated_outpost, layout_basic, minmay_misc_feat_room
D:2:      layout_rooms, basic_altar, hangedman_decor_points, kennysheep_donut,
          uniq_robin, uniq_terence
D:3:      layout_basic, cheibrodos_sewer_entry_sluice, roderic_lattice_a
D:4:      layout_basic, minmay_temple_entry_gardened_gates,
          chequers_serial_rivers_micro_b, dilly_guarded_unrand_morg
D:5:      layout_basic
D:6:      layout_basic, nicolae_stop_n_shop_2, nicolae_elevator_lobby_plus
D:7:      lemuel_ice_statue, layout_basic, worldfamousw_hep_ancestral_shrine,
          serial_bayou_lagoon_a, nicolae_shop_distant_corner_stores,
          minmay_manual_mail
D:8:      minmay_angry_zag, layout_loops_ring, elyvilon_altar_4,
          mainiacjoe_overflow_small_starburst
D:9:      layout_rooms, due_lair_maze_entry_diamond, nicolae_phantomly_mirrored
D:10:     layout_cave_pools, lemuel_doored_altar, led_sif_pool,
          chequers_temple_overflow_statue_of_worship, serial_shops, shop,
          uniq_maggie
D:11:     minmay_the_grid_square_5x5_4x4 [minmay_the_grid_square_5x5_seven,
          minmay_the_grid_square_5x5_fat_x, minmay_the_grid_square_5x5_shrine2,
          minmay_the_grid_square_5x5_shrine1,
          minmay_the_grid_square_5x5_tri_point,
          minmay_the_grid_square_5x5_prize_gold,
          minmay_the_grid_square_5x5_prize_open, minmay_the_grid_square_5x5_c,
          minmay_the_grid_square_5x5_hollow_slash,
          minmay_the_grid_square_5x5_prize_itemx,
          minmay_the_grid_square_5x5_prize_open,
          minmay_the_grid_square_5x5_bracketed,
          minmay_the_grid_square_5x5_beaten_path,
          minmay_the_grid_square_5x5_dogpile, minmay_the_grid_square_5x5_corner,
          minmay_the_grid_square_5x5_checkered], layout_irregular_city,
          serial_shops, shop

Skill      XL: |  1  2  3  4  5  6  7  8  9 10 11 |
---------------+----------------------------------+-----
Axes           | 4 5 6 7 8 10 11 13 15 | 15.5
Fighting       | 4 5 6 7 9 10 | 10.6
Dodging        | 3 4 5 6 |  6.8
Stealth        | 1 2 3 |  3.7
Armour         | 3 5 7 9 10 | 10.5
Shields        | 4 7 |  7.3

Action                     |  1- 3 |  4- 6 |  7- 9 | 10-12 || total
---------------------------+-------+-------+-------+-------++-------
  Melee: Hand axe          |    58 |   145 |   205 |    73 ||   481
         Headbutt          |     6 |    23 |    44 |    67 ||   140
         Punch             |       |     2 |     6 |     3 ||    11
         War axe           |       |       |       |   292 ||   292
 Invoke: Trog's Hand       |     1 |     1 |     2 |     5 ||     9
         Berserk           |       |       |     1 |     3 ||     4
    Use: Scroll            |       |       |       |    17 ||    17
   Stab: Sleeping          |       |     4 |     1 |       ||     5
 Armour: Animal skin       |    26 |    57 |       |       ||    83
         Chain mail        |       |    34 |   121 |       ||   155
         Plate armour      |       |       |       |   266 ||   266
  Dodge: Dodged            |    43 |   214 |   223 |   262 ||   742
  Block: Buckler           |       |       |       |    37 ||    37
